 Dungeon Crawl Stone Soup version 0.22-a0-525-gf69a080 (webtiles) character file.

296 Darkshadow the Vandal (level 6, -2/41 HPs)
             Began as a Halfling Warper on June 21, 2018.
             Killed from afar by an orc wizard (4 damage)
             ... with a magic dart
             ... on level 2 of the Dungeon.
             The game lasted 00:18:39 (3520 turns).

Darkshadow the Vandal (Halfling Warper)             Turns: 3520, Time: 00:18:40

Health: -2/41      AC:  4    Str: 14    XL:     6   Next: 62%
Magic:  6/8        EV: 16    Int: 11    God:
Gold:   154        SH:  0    Dex: 14    Spells: 4/8 levels left

rFire    . . .     SeeInvis .   b - +0 hunting sling
rCold    . . .     Gourm    .   (shield restricted)
rNeg     . . .     Faith    .   s - +1 animal skin
rPois    .         Spirit   .   t - +0 helmet
rElec    .         Reflect  .   (no cloak)
rCorr    .         Harm     .   (no gloves)
MR       .....                  (no boots)
Stlth    +.........             (no amulet)
HPRegen  0.13/turn              (no ring)
MPRegen  0.11/turn              (no ring)

@: no status effects
A: small, mutation resistance 1
a: no special abilities


You were on level 2 of the Dungeon.
You were not hungry.

You visited 1 branch of the dungeon, and saw 3 of its levels.

You collected 154 gold pieces.

Inventory:

Hand Weapons
 a - a +0 short sword
 b - a +0 hunting sling (weapon)
Missiles
 e - 3 tomahawks of dispersal (quivered)
 g - 17 stones
 m - 6 sling bullets
Armour
 i - a +0 leather armour
 p - a +0 pair of gloves
 s - a +1 animal skin (worn)
 t - a +0 helmet (worn)
Scrolls
 c - 3 scrolls of teleportation {unknown}
 d - 2 scrolls of blinking
 j - 3 scrolls of fear {unknown}
 l - 3 scrolls of identify {unknown}
 n - 2 scrolls of enchant weapon {unknown}
 o - a scroll of immolation {unknown}
 q - a scroll of magic mapping {unknown}
Potions
 h - a potion of degeneration {unknown}
 k - 2 potions of curing {unknown}
 r - 2 potions of brilliance {unknown}
Comestibles
 f - 3 rations


   Skills:
 + Level 2.9 Fighting
 - Level 3.1 Short Blades
 * Level 4.3(4.5) Slings
 - Level 1.0(2.1) Throwing
 - Level 1.1 Armour
 + Level 3.5 Dodging
 - Level 1.5 Spellcasting
 + Level 2.3 Charms
 + Level 4.2 Translocations


You had 4 spell levels left.
You knew the following spells:

 Your Spells              Type           Power        Failure   Level  Hunger
a - Blink                 Tloc           N/A          9%          2    ###....
b - Shroud of Golubria    Chrm/Tloc      #.........   12%         2    ###....

Your spell library contained the following spells:

 Spells                   Type           Power        Failure   Level  Hunger
 Teleport Other           Tloc           ##......     16%         3    ####...
 Passage of Golubria      Tloc           N/A          47%         4    #####..
 Gell's Gravitas          Tloc           ##........   16%         3    ####...
 Lesser Beckoning         Tloc           ##........   16%         3    ####...


Dungeon Overview and Level Annotations

Branches:
Dungeon (3/15)

Altars:
Hepliaklqana


Innate Abilities, Weirdness & Mutations

You are small and have problems with some larger weapons.
You are somewhat resistant to further mutation.


Message History

Press: ? - help, Shift-Dir - straight line You shoot a sling bullet.
You hear some strange, mumbled words.
Something tries to affect you, but you resist.
Firing (i - inventory. (/) - cycle)
m - 8 sling bullets (quivered)
Press: ? - help, Shift-Dir - straight line You shoot a sling bullet.
Something hits you.
* * * LOW HITPOINT WARNING * * *
Firing (i - inventory. (/) - cycle)
m - 7 sling bullets (quivered)
Press: ? - help, Shift-Dir - straight line You shoot a sling bullet.
Something hits you.
* * * LOW HITPOINT WARNING * * *
Throwing (i - inventory. (/) - cycle)
e - 3 tomahawks of dispersal (quivered)
Press: ? - help, Shift-Dir - straight line
Okay, then.
Cast which spell? (? or * to list)
You blink.
A magic dart appears from out of thin air!
The magic dart hits you!
You die...

##.##...........#
#.......###..###
###.##......##
#.###.##### #
######.##### ##
#........# .####
#........#
....######........#
................@.#
####..............#
.....#............#
#########......#######
##..#....>...###
#####.ยง{.....(...#
#######................#
.)......#####........###
######### #........#


There were no monsters in sight!

Vanquished Creatures
  A howler monkey (D:1)
  Terence (D:1)
  Natasha (thrice) (D:2)
  Robin (D:2)
  5 adders (D:2)
  An ooze (D:1)
  2 worms (D:2)
  A dart slug (D:1)
  2 orcs (D:3)
  4 bats
  12 goblins
  8 hobgoblins
  6 jackals
  A kobold (D:1)
  2 quokkas
  5 frilled lizards
  6 rats
61 creatures vanquished.

Vanquished Creatures (others)
  An orc wizard (D:3)
1 creature vanquished.

Grand Total: 62 creatures vanquished

Notes
Turn   | Place    | Note
-------+----------+-------------------------------------------
     0 | D:1      | Darkshadow the Halfling Warper began the quest for the Orb.
     0 | D:1      | Reached XP level 1. HP: 14/14 MP: 3/3
   245 | D:1      | Reached XP level 2. HP: 19/19 MP: 4/4
   257 | D:1      | Learned a level 2 spell: Blink
   260 | D:1      | Learned a level 2 spell: Shroud of Golubria
   688 | D:1      | Reached XP level 3. HP: 24/24 MP: 5/5
  1265 | D:2      | Reached skill level 1 in Slings
  1265 | D:2      | Reached skill level 1 in Charms
  1282 | D:2      | Reached XP level 4. HP: 7/29 MP: 6/6
  1807 | D:2      | Noticed Robin
  1923 | D:1      | Reached XP level 5. HP: 20/35 MP: 7/7
  2280 | D:2      | Noticed Natasha
  2338 | D:2      | Killed Natasha
  2592 | D:2      | Found a hazy altar of Hepliaklqana.
  2641 | D:2      | Noticed Terence
  2674 | D:1      | Killed Terence
  2806 | D:2      | Noticed Natasha
  2826 | D:2      | Killed Natasha
  2826 | D:2      | Reached XP level 6. HP: 16/41 MP: 8/8
  3068 | D:2      | Noticed Natasha
  3082 | D:2      | Killed Natasha
  3156 | D:2      | Killed Robin
  3519 | D:2      | HP: 2/41 [something (2)]
  3520 | D:2      | Killed from afar by an orc wizard

Vault maps used:
D:1:      dpeg_arrival_prison
D:2:      lemuel_doored_altar, uniq_natasha, uniq_robin, uniq_terence
D:3:      first_ration, due_unseen_surprise

Skill      XL: |  1  2  3  4  5  6 |
---------------+-------------------+-----
Fighting       | 2 |  2.9
Short Blades   | 3 |  3.1
Slings         | 1 2 3 4 |  4.3
Charms         | 1 2 |  2.3
Dodging        | 3 |  3.5
Translocations | 4 |  4.2
Throwing       | |  1.0
Armour         | |  1.1
Spellcasting   | |  1.5

Action                   |  1- 3 |  4- 6 || total
-------------------------+-------+-------++-------
Melee: Short sword       |    75 |    30 ||   105
 Fire: Hunting sling     |    23 |   169 ||   192
Throw: Stone             |    13 |       ||    13
       Tomahawk          |       |     2 ||     2
 Cast: Blink             |       |     1 ||     1
  Eat: Chunk             |       |     8 ||     8
Armor: Leather armour    |    21 |    14 ||    35
       Animal skin       |       |     2 ||     2
Dodge: Dodged            |    66 |    80 ||   146

Table legend:
 A = Spawn XP
 B = Non-spawn XP
 C = Spawn XP percentage of total XP
 D = Spawn monster count
 E = Non-spawn monster count
 F = Spawn count percentage of total count
 G = Total turns spent on level
                    A         B        C        D         E        F      G
               +---------+---------+-------+---------+---------+-------+---------
         Total |       0 |     424 |   0.0 |       0 |      62 |   0.0 |  3520
               +---------+---------+-------+---------+---------+-------+---------
           D:1 |       0 |     138 |   0.0 |       0 |      25 |   0.0 |  1890
           D:2 |       0 |     235 |   0.0 |       0 |      33 |   0.0 |  1596
           D:3 |       0 |      51 |   0.0 |       0 |       4 |   0.0 |    34
               +---------+---------+-------+---------+---------+-------+---------
